 Dungeon Crawl Stone Soup version 0.29-a0-1009-g60c99734e7 (webtiles) character file.

Game seed: 18269902548220384969

102 purpskrrrp the Insei (level 4, -14/35 HPs)
             Began as a Demigod Transmuter on Aug 8, 2022.
             Killed by an exploding butterfly (34 damage)
             ... ignited by their inner flame
             ... on level 2 of the Dungeon.
             The game lasted 00:06:50 (3344 turns).

purpskrrrp the Insei (Demigod Transmuter)           Turns: 3344, Time: 00:06:50

Health: -14/35     AC:  3    Str: 11    XL:     4   Next: 26%
Magic:  10/10      EV: 13    Int: 18    God:
Gold:   125        SH:  0    Dex: 18    Spells: 6/7 levels left

rFire   . . .      SeeInvis .   h - +7 dagger "Hydraslayer" {freeze, rPois Int+3}
rCold   . . .      Faith    .   (no shield)
rNeg    . . .      Spirit   .   a - +0 robe
rPois   +          Reflect  .   (no helmet)
rElec   .          Harm     .   (no cloak)
rCorr   .          Rampage  .   (no gloves)
Will    .....                   i - +0 pair of boots
Stlth   ++........              (no amulet)
HPRegen 0.11/turn               (no ring)
MPRegen 0.12/turn               (no ring)

@: about to teleport, weak-willed
A: high MP 1, forlorn, divine attributes
a: no special abilities


You were on level 2 of the Dungeon.
You visited 1 branch of the dungeon, and saw 2 of its levels.

You collected 125 gold pieces.

Inventory:

Hand Weapons
 h - the +7 dagger "Hydraslayer" (weapon) {freeze, rPois Int+3}
   (You found it on level 2 of the Dungeon)

   It freezes those it strikes, dealing additional cold damage.
   It can also slow down cold-blooded creatures.
   Int:       It affects your intelligence (+3).
   rPois:     It protects you from poison.
Armour
 a - a +0 robe (worn)
 i - a +0 pair of boots (worn)
Scrolls
 e - a scroll of vulnerability
Potions
 b - 2 potions of lignification
 f - a potion of flight
 g - a potion of heal wounds
 j - 3 potions of might
 o - a potion of brilliance {unknown}


   Skills:
 + Level 1.5 Fighting
 + Level 2.4 Dodging
 * Level 3.5 Unarmed Combat
 + Level 2.3 Spellcasting
 + Level 2.3 Transmutations


You had 6 spell levels left.
You knew the following spells:

 Your Spells              Type           Power      Damage    Failure   Level
a - Beastly Appendage     Tmut           20%        N/A       7%          1

Your spell library contained the following spells:

 Spells                   Type           Power      Damage    Failure   Level
 Wereblood                Tmut           10%        N/A       10%         2
 Spider Form              Tmut/Pois      6%         N/A       32%         3
 Ice Form                 Ice/Tmut       6%         N/A       71%         4


Dungeon Overview and Level Annotations

Branches:
Dungeon (2/15)


Innate Abilities, Weirdness & Mutations

You have an increased reservoir of magic. (+10% MP)
You shall have no god before yourself.
Your divine heritage dramatically boosts your attributes as you level up.


Message History

As you read the scroll labelled PEKATW HYUTI, it crumbles to dust.
It was a scroll of blinking.
As you read the scroll labelled WUEH BAOGISO, it crumbles to dust.
It is a scroll of brand weapon.
You aren't carrying any weapons that can be branded.
As you read the scroll labelled WIUMEU OSUIV, it crumbles to dust.
The creatures around you are filled with an inner flame!
It was a scroll of immolation.
As you read the scroll labelled OGUEMO CAPNI, it crumbles to dust.
You feel strangely unstable.
It was a scroll of teleportation.
The air fills with toxic fumes!
As you read the scroll labelled VUQEKKASUYR, it crumbles to dust.
It was a scroll of poison.
Your butterfly is engulfed in poison gas.
Your butterfly is poisoned.
You kill your butterfly!
Your butterfly disappears in a burst of colours!
Your butterfly is engulfed in poison gas.
Your butterfly is poisoned.
Your butterfly disappears in a burst of colours!
Your butterfly explodes!
Your butterfly is engulfed in poison gas.
Your butterfly is poisoned.
You kill your butterfly!
Your butterfly disappears in a burst of colours!
Your butterfly is engulfed in poison gas.
Your butterfly is poisoned.
You kill your butterfly!
Your butterfly disappears in a burst of colours!
Your butterfly is engulfed in poison gas.
Your butterfly is poisoned.
Your butterfly disappears in a burst of colours!
Your butterfly explodes!
Your butterfly is engulfed in poison gas.
Your butterfly is poisoned.
Your butterfly disappears in a burst of colours!
Your butterfly explodes!
The fiery explosion engulfs you!!
Ouch! That really hurt!
You die...

### ### #.# ### #.# #.#
#.# #.### #.# #.# #.#.#
#.# #.# #.#.##
#§###########§######.....
#§§§§b§§@§§§§§#....#.#.##
#§######§§§§§§§§...#.#.#
#bb....§.§.§§§§§.....#.#
####..§§§§§§§§§§.###.#.#
#.###§§##§§§§.......##
#...§§§§####§.....#...
#...§.§§# #.######.##
##...§§§§# #.# #.##
#.†.....## #.# #.#.


There were no monsters in sight!

Vanquished Creatures
  2 adders (D:2)
  2 worms (D:2)
  3 dart slugs
  7 endoplasms
  6 giant cockroaches
  8 goblins
  5 hobgoblins
  7 jackals (D:1)
  2 quokkas (D:2)
  3 ball pythons
  7 bats
  4 frilled lizards
  5 kobolds
  3 rats
64 creatures vanquished.

Notes
Turn   | Place    | Note
-------+----------+-------------------------------------------
     0 | D:1      | purpskrrrp the Demigod Transmuter began the quest for the
                  | Orb.
     0 | D:1      | Reached XP level 1. HP: 15/15 MP: 5/5
   198 | D:1      | Reached skill level 1 in Fighting
   217 | D:1      | Reached XP level 2. HP: 4/23 MP: 5/7
  1053 | D:1      | Reached skill level 3 in Unarmed Combat
  1124 | D:1      | Reached XP level 3. HP: 22/28 MP: 4/8
  2139 | D:2      | Identified the +7 dagger "Hydraslayer" {freeze, rPois
                  | Int+3}
  2362 | D:2      | Reached XP level 4. HP: 30/35 MP: 6/10
  3344 | D:2      | Killed by an exploding butterfly... ignited by their inner
                  | flame

Illustrated notes

Levels and vault maps discovered:
D:1:      wheals_arrival_linesprint, layout_loops_ring,
          shapermc_ecumenical_altar_pompeii, minmay_misc_feat_alley
D:2:      layout_basic

Skill      XL: |  1  2 |
---------------+-------+-----
Fighting       | 1 |  1.5
Dodging        | 2 |  2.4
Transmutations | 2 |  2.3
Spellcasting   | 2 |  2.3
Unarmed Combat | 3 |  3.5

Action                   |  1- 3 |  4- 6 || total
-------------------------+-------+-------++-------
Melee: Unarmed           |   108 |       ||   108
       Kick              |    28 |     2 ||    30
       Headbutt          |    17 |       ||    17
       Punch             |     3 |     1 ||     4
       Dagger            |    13 |    15 ||    28
 Cast: Beastly Appendage |    33 |     9 ||    42
 Abil: End Transformatio |     1 |       ||     1
  Use: Scroll            |       |    12 ||    12
 Stab: Sleeping          |     2 |     1 ||     3
Armor: Robe              |    33 |     3 ||    36
Dodge: Dodged            |    94 |     5 ||    99

Table legend: (Time is in decaauts)
 A = Elapsed time spent in this place.
 B = Non-inter-level travel time spent in this place.
 C = Inter-level travel time spent in this place.
 D = Time resting spent in this place.
 E = Time spent auto-exploring this place.
 F = Levels seen in this place.
 G = Mean time per level.
                   A        B        C        D        E       F      G
               +--------+--------+--------+--------+--------+-----+--------+
         Total |   3337 |   3273 |     64 |    536 |   2326 |   2 | 1668.5 |
       Dungeon |   3337 |   3273 |     64 |    536 |   2326 |   2 | 1668.5 |
               +--------+--------+--------+--------+--------+-----+--------+

Top non-repeatable levels by time:
     D:1: 1933 daAuts
     D:2: 1403 daAuts
